 Dungeon Crawl Stone Soup version 0.13-a0-2368-g1f063cc (webtiles) character file.

301 sipiatti the Skirmisher (level 5, 0/46 HPs)
             Began as a Hill Orc Fighter on July 12, 2013.
             Succumbed to an adder's poison
             ... on Level 3 of the Dungeon on July 13, 2013.
             The game lasted 00:31:42 (4462 turns).

sipiatti the Skirmisher (Hill Orc Fighter)          Turns: 4462, Time: 00:31:42

HP   0/46        AC  9     Str 20      XL: 5   Next: 75%
MP   4/4         EV  6     Int  8      God:
Gold 104         SH 20     Dex 10      Spells:  0 memorised,  4 levels left

Res.Fire  : . . .   See Invis. : .   a - +0 orc hand axe {=f}
Res.Cold  : . . .   Warding    : .   b - +0 orc scale mail
Life Prot.: . . .   Conserve   : .   c - +0 orc shield
Res.Poison: .       Res.Corr.  : .   (no helmet)
Res.Elec. : .       Clarity    : .   (no cloak)
Sust.Abil.: . .     Spirit.Shd : .   e - +1 pair of gloves
Res.Mut.  : .       Stasis     : .   (no boots)
Res.Rott. : .       Flight     : .   (no amulet)
Saprovore : + . .                    (no ring)
                                     (no ring)

@: about to teleport, mildly poisoned, slightly resistant to hostile
enchantments, extremely unstealthy
A: saprovore 1
a: no special abilities


You were on level 3 of the Dungeon.
You were not hungry.

You visited 1 branch of the dungeon, and saw 4 of its levels.

You collected 84 gold pieces.

Inventory:

Hand weapons
 a - a +0,+0 orcish hand axe (weapon) {=f}
Missiles
 f - 12 poisoned needles
 g - 22 darts (quivered)
Armour
 b - a +0 orcish scale mail (worn)
 c - a +0 orcish shield (worn)
 e - a +1 pair of gloves (worn)
 i - a +0 orcish ring mail
 l - a +0 chain mail
 s - a +0 scale mail
 w - a +0 scale mail of poison resistance
 A - a +0 pair of boots
Magical devices
 y - a wand of random effects (15) {unknown}
Comestibles
 d - 6 meat rations
 m - 2 bread rations
 r - a lychee
 t - a pear
 z - a choko
Scrolls
 h - 3 scrolls of remove curse {unknown}
 j - a scroll of noise {unknown}
 o - 2 scrolls of blinking {unknown}
 q - a scroll of teleportation
 v - a scroll of fog {unknown}
Jewellery
 n - an uncursed ring of regeneration {unknown}
Potions
 k - 2 potions of degeneration {unknown}
 p - a potion of cure mutation {unknown}
 u - a potion of brilliance {unknown}
 x - 2 potions of speed {unknown}


   Skills:
 + Level 4.6 Fighting
 + Level 3.6 Axes
 + Level 0.2 Throwing
 + Level 4.1 Armour
 + Level 1.9 Dodging
 + Level 0.1 Stealth
 + Level 4.2 Shields
 + Level 0.2 Traps


You had 4 spell levels left.
You didn't know any spells.

Dungeon Overview and Level Annotations

Branches:
Dungeon (4/27)
 Temple: D:4-7

Altars:

Annotations
D:3 Pikel


Innate Abilities, Weirdness & Mutations

You can tolerate rotten meat.


Message History

You hit the gnoll.
You kill the gnoll!
You block the adder's attack. The adder bites you but does no damage.
Things that are here:
a spear; a dart
* * * LOW HITPOINT WARNING * * *
You feel sick.
Things that are here:
a dart; an orcish dagger Your scale mail prevents you from hitting the adder.
* * * LOW HITPOINT WARNING * * *
You feel sick. The adder bites you.
* * * LOW HITPOINT WARNING * * *
The adder barely misses you.
You hit the adder but do no damage. The adder barely misses you.
As you read the scroll of teleportation, it crumbles to dust.
You feel strangely unstable. The adder barely misses you.
The adder bites you but does no damage.
An adder is nearby!
You die...

#############
#...[.#.....#
#.###.#.###.# #.#
#.#.#...# ######(#
#.#.#.###
###########>.>.).#
#.#.#.#<#
............####.#
#.#.#.#.#
##[########.# #@#
#.#.#...# #.# #.#
#(# #.#.#####
#.#### #.# #S#
#.#.....# #....#
#^# #)###.#####.#
#.##.# #.#
#...#..%....#
#.##.# #.#
#...#########
#.##.# #.#
#...#......#
#.##.#####.#
#...#.####.#
#.##.......#
#......# #.###


You could see an adder.

Vanquished Creatures
  3 slaves
  A scorpion (D:4)
  Ijyb (D:3)
  3 gnolls
  An adder (D:3)
  3 worms
  A giant mite (D:4)
  A giant gecko (D:4)
  3 oozes
  4 orcs (D:4)
  19 bats
  3 giant cockroaches
  8 goblins
  8 hobgoblins
  7 kobolds
  6 giant newts
  7 jackals
  8 rats
  A rat zombie (D:3)
88 creatures vanquished.

Vanquished Creatures (others)
  A toadstool (D:3)
1 creature vanquished.

Grand Total: 89 creatures vanquished

Notes
Turn   | Place    | Note
--------------------------------------------------------------
     0 | D:1      | sipiatti, the Hill Orc Fighter, began the quest for the Orb.
     0 | D:1      | Reached XP level 1. HP: 19/19 MP: 0/0
   147 | D:1      | Reached skill level 4 in Fighting
   147 | D:1      | Reached XP level 2. HP: 15/27 MP: 1/1
   487 | D:1      | Reached XP level 3. HP: 33/33 MP: 2/2
  1133 | D:2      | Reached skill level 1 in Dodging
  1133 | D:2      | Reached XP level 4. HP: 40/40 MP: 3/3
  2111 | D:3      | Upgraded the game from 0.13-a0-2355-g3ca5c6e to 0.13-a0-2368-g1f063cc
  2551 | D:3      | Noticed Ijyb
  2564 | D:3      | Killed Ijyb
  2564 | D:3      | Reached XP level 5. HP: 46/46 MP: 4/4
  3105 | D:4      | Noticed a slave
  3106 | D:4      | Noticed Pikel
  3106 | D:4      | Noticed a slave
  3106 | D:4      | Noticed a slave
  3110 | D:4      | Noticed a slave
  3173 | D:3      | HP: 2/46 [Pikel/whip of flaming (1)]
  3543 | D:3      | Killed a slave
  3775 | D:4      | Killed a slave
  4133 | D:4      | Killed a slave
  4459 | D:3      | HP: 1/46 [adder (4)]
  4462 | D:3      | Succumbed to an adder's poison

Action                   |  1- 3 |  4- 6 || total
-------------------------+-------+-------++-------
Melee: Hand axe          |   129 |   278 ||   407
Throw: Dart              |       |    10 ||    10
  Use: Scroll            |     9 |     3 ||    12
